 Dungeon Crawl Stone Soup version 0.25.1-2-g60ff931df9 (webtiles) character file.

Game seed: 2789923161709394702

825015 DildoBatman the Petrodigitator (level 27, -16/220 HPs)
             Began as a Formicid Wizard on Sept 4, 2020.
             Was an Initiate of Gozag.
             Demolished by an emperor scorpion (17 damage)
             ... on level 27 of a ziggurat.
             The game lasted 04:32:33 (60144 turns).

DildoBatman the Petrodigitator (Formicid Wizard)   Turns: 60144, Time: 04:32:34

Health: -16/220    AC: 14    Str: 21    XL:     27
Magic:  0/43       EV: 10    Int: 42    God:    Gozag
Gold:   17239      SH:  0    Dex: 16    Spells: 11/58 levels left

rFire    + . .     SeeInvis +   a - staff of energy
rCold    + + .     Gourm    .   c - +8 tower shield {rC+ rF+}
rNeg     + + +     Faith    .   o - +4 troll leather armour
rPois    ∞         Spirit   .   (helmet unavailable)
rElec    +         Reflect  .   T - +2 cloak
rCorr    .         Harm     .   J - +5 pair of gloves of Heawal {rPois MR+}
MR       +++++                  X - +2 pair of boots "Jutomnoq" {Int+4}
Stlth    +.........             m - amulet "Wubluir" {RegenMP rElec Str+2}
HPRegen  0.86/turn              q - ring "Fozepen" {rPois Int+6 Dex+4}
MPRegen  0.53/turn              P - ring of Geicw {*Slow AC+4 Str+4 Dex+5 SInv}

@: confused, lich-form, corroded, contaminated, held, glowing, invisible (but
backlit and visible) (expiring)
A: permanent stasis, dig shafts and tunnels, four strong arms, antennae 3, fangs
1, iridescent scales 1, yellow scales 1, clever 1, clumsy 1, magic resistance 1,
strong 1
}: 4/15 runes: serpentine, barnacled, silver, golden
a: Dig, Shaft Self, End Transformation, Potion Petition, Call Merchant, Bribe
Branch, Renounce Religion


You were on level 27 of a ziggurat.
You worshipped Gozag.
Gozag was extremely pleased with you.
You were not hungry.
You were a lich.
You visited 10 branches of the dungeon, and saw 46 of its levels.
You visited 1 ziggurat, and saw 27 of its levels.
You also visited: Ossuary, Bailey and Ice Cave.

You collected 35525 gold pieces.
You spent 4386 gold pieces at shops.
You paid 13900 gold pieces to Gozag.

Inventory:

Hand Weapons
 b - the +7 long sword of the Onslaught {vamp, Int+7 Dex+3}
   (You took it off a deep elf death mage on level 5 of the Vaults)

   It inflicts no extra harm, but heals its wielder when it wounds a living foe.
   It affects your intelligence (+7).
   It affects your dexterity (+3).
 d - the +8 lajatang "Yleq" {freeze, MR+}
   (You bought it in a shop on level 1 of the Vaults)

   It has been specially enchanted to freeze those struck by it, causing extra
   injury to most foes and up to half again as much damage against particularly
   susceptible opponents.
   It can also slow down cold-blooded creatures.
   It affects your resistance to hostile enchantments.
 e - the +9 short sword of the Sun {speed, rElec rC+ Str+2}
   (You found it on level 10 of the Dungeon)

   Attacks with this weapon are significantly faster.
   It affects your strength (+2).
   It protects you from cold.
   It insulates you from electricity.
 C - the +5 morningstar "Yploiwey" {drain, rF++ Int+4}
   (You found it on level 3 of the Tomb of the Ancients)

   A truly terrible weapon, it drains the life of those it strikes.
   It affects your intelligence (+4).
   It greatly protects you from fire.
Missiles
 G - 14 throwing nets
 O - 101 silver javelins
Armour
 c - a +8 tower shield of resistance (worn)
 o - a +4 troll leather armour (worn)
 J - the +5 pair of gloves of Heawal (worn) {rPois MR+}
   (You found it on level 2 of the Vaults)

   It protects you from poison.
   It affects your resistance to hostile enchantments.
 T - a +2 cloak (worn)
 X - the +2 pair of boots "Jutomnoq" (worn) {Int+4}
   (You found it on level 10 of a ziggurat)

   It affects your intelligence (+4).
Magical Staves
 a - an uncursed staff of energy (weapon)
Jewellery
 m - the amulet "Wubluir" (around neck) {RegenMP rElec Str+2}
   (You found it on level 3 of the Tomb of the Ancients)

   [amulet of magic regeneration]

   It increases your magic regeneration.
   It affects your strength (+2).
   It insulates you from electricity.
 n - the ring "Cunuitocwi" {rPois Int+5, unknown}
   (You found it on level 24 of a ziggurat)

   [ring of poison resistance]

   It affects your intelligence (+5).
   It protects you from poison.
 q - the ring "Fozepen" (left hand) {rPois Int+6 Dex+4}
   (You found it on level 13 of the Dungeon)

   [ring of intelligence]

   It affects your intelligence (+6).
   It affects your dexterity (+4).
   It protects you from poison.
 E - the ring "Odosoc" {rC+ rN+ MP-9 Int+3, unknown}
   (You found it on level 24 of a ziggurat)

   [ring of positive energy]

   It affects your intelligence (+3).
   It protects you from cold.
   It protects you from negative energy.
   It affects your magic capacity (-9).
 F - the ring "Pygogh" {rCorr Int+5 Dex+5 Slay-5, unknown}
   (You found it on level 26 of a ziggurat)

   [ring of resist corrosion]

   It affects your intelligence (+5).
   It affects your dexterity (+5).
   It affects your accuracy and damage with ranged weapons and melee attacks
   (-5).
   It provides partial protection from all sources of acid and corrosion.
 P - the ring of Geicw (right hand) {*Slow AC+4 Str+4 Dex+5 SInv}
   (You found it on level 18 of a ziggurat)

   [ring of protection]

   It affects your AC (+4).
   It affects your strength (+4).
   It affects your dexterity (+5).
   It lets you see invisible.
   It may slow you when you take damage.
Wands
 f - a wand of iceblast (46)
 g - a wand of acid (41)
 h - a wand of clouds (12)
Scrolls
 l - 2 scrolls of acquirement
 r - 14 scrolls of enchant armour
 s - 3 scrolls of amnesia
 w - 4 scrolls of holy word
 x - 41 scrolls of remove curse
 z - 26 scrolls of identify
 B - 8 scrolls of immolation
 H - 3 scrolls of summoning
 I - 15 scrolls of fog
 L - 2 scrolls of torment
Potions
 i - 2 potions of magic
 j - 6 potions of resistance
 k - 13 potions of brilliance
 t - 4 potions of might
 u - 3 potions of invisibility
 y - 8 potions of heal wounds
 A - 11 potions of mutation
 D - 2 potions of experience
 M - 4 potions of ambrosia
 N - 19 potions of curing
 V - 18 potions of cancellation
Miscellaneous
 p - 11 boxes of beasts
 K - 16 phantom mirrors
 Q - a lightning rod (4/4)
 S - a phial of floods
Comestibles
 v - 43 rations


   Skills:
 * Level 18.8 Fighting
 * Level 13.9 Armour
 * Level 11.1 Dodging
 - Level 2.4 Stealth
 * Level 17.8 Shields
 - Level 16.0 Spellcasting
 - Level 6.0 Conjurations
 - Level 6.0 Charms
   Level 1.0 Summonings
 - Level 19.0 Necromancy
 - Level 13.1 Translocations
 - Level 19.0 Transmutations
 - Level 13.9 Fire Magic
 - Level 6.0 Ice Magic
 * Level 25.2 Air Magic
 O Level 27 Earth Magic
 - Level 12.0 Evocations


You had 11 spell levels left.
You knew the following spells:

 Your Spells              Type           Power        Failure   Level  Hunger
a - Borgnjor's Vile Clut  Necr/Erth      ########..   0%          5    N/A
b - Shatter               Erth           ########..   1%          9    N/A
c - Tornado               Air            ########..   3%          9    N/A
d - Necromutation         Tmut/Necr      ########..   2%          8    N/A
e - Bolt of Magma         Conj/Fire/Erth ########..   1%          5    N/A
f - Shroud of Golubria    Chrm/Tloc      ######       1%          2    N/A
g - Ozocubu's Armour      Chrm/Ice       ######..     1%          3    N/A
i - Dispel Undead         Necr           ########     0%          4    N/A
z - Sublimation of Blood  Necr           ########..   0%          2    N/A

Your spell library contained the following spells:

 Spells                   Type           Power        Failure   Level  Hunger
 Animate Skeleton         Necr           N/A          0%          1    N/A
 Apportation              Tloc           ######       0%          1    N/A
 Beastly Appendage        Tmut           ######       0%          1    N/A
 Foxfire                  Conj/Fire      ####         0%          1    N/A
 Pain                     Necr           ####         0%          1    N/A
 Sandblast                Erth           ######       0%          1    N/A
 Shock                    Conj/Air       ####         0%          1    N/A
 Corpse Rot               Necr/Air       N/A          0%          2    N/A
 Passwall                 Tmut/Erth      ########     0%          2    N/A
 Poisonous Vapours        Pois/Air       ######       0%          2    N/A
 Sticks to Snakes         Tmut           ########     0%          2    N/A
 Gell's Gravitas          Tloc           #######...   0%          3    N/A
 Lesser Beckoning         Tloc           #######...   0%          3    N/A
 Static Discharge         Conj/Air       ########     0%          3    N/A
 Stone Arrow              Conj/Erth      ######       0%          3    N/A
 Teleport Other           Tloc           #######.     0%          3    N/A
 Vampiric Draining        Necr           ########..   0%          3    N/A
 Airstrike                Air            ########..   0%          4    N/A
 Animate Dead             Necr           N/A          0%          4    N/A
 Petrify                  Tmut/Erth      ########     0%          4    N/A
 Agony                    Necr           ########     0%          5    N/A
 Blade Hands              Tmut           ########..   0%          5    N/A
 Lee's Rapid Deconstruct  Erth           ########..   0%          5    N/A
 Statue Form              Tmut/Erth      ########.    0%          6    N/A
 Corona                   Hex            ####...      1%          1    N/A
 Freeze                   Ice            ####         1%          1    N/A
 Infusion                 Chrm           ####         1%          1    N/A
 Magic Dart               Conj           ####         1%          1    N/A
 Sting                    Tmut/Pois      ####         1%          1    N/A
 Summon Small Mammal      Summ           ####         1%          1    N/A
 Call Imp                 Summ           #####...     1%          2    N/A
 Ensorcelled Hibernation  Hex/Ice        ######       1%          2    N/A
 Searing Ray              Conj           ######       1%          2    N/A
 Slow                     Hex            ####....     1%          2    N/A
 Song of Slaying          Chrm           ######..     1%          2    N/A
 Call Canine Familiar     Summ           #####...     1%          3    N/A
 Conjure Flame            Conj/Fire      #######.     1%          3    N/A
 Dazzling Flash           Conj/Hex       ######       1%          3    N/A
 Frozen Ramparts          Ice            ######       1%          3    N/A
 Ignite Poison            Fire/Tmut/Pois #######.     1%          3    N/A
 Inner Flame              Hex/Fire       #######.     1%          3    N/A
 Mephitic Cloud           Conj/Pois/Air  #######.     1%          3    N/A
 Portal Projectile        Hex/Tloc       ######       1%          3    N/A
 Recall                   Summ/Tloc      N/A          1%          3    N/A
 Spectral Weapon          Hex/Chrm       ######..     1%          3    N/A
 Spider Form              Tmut/Pois      #######...   1%          3    N/A
 Hailstorm                Conj/Ice       ######..     1%          4    N/A
 Ice Form                 Ice/Tmut       #######.     1%          4    N/A
 Iskenderun's Mystic Bla  Conj/Tloc      #######.     1%          4    N/A
 Leda's Liquefaction      Hex/Erth       #######...   1%          4    N/A
 Passage of Golubria      Tloc           N/A          1%          4    N/A
 Sticky Flame             Conj/Fire      #######.     1%          4    N/A
 Summon Lightning Spire   Summ/Air       #######.     1%          4    N/A
 Alistair's Intoxication  Tmut/Pois      #######.     1%          5    N/A
 Excruciating Wounds      Chrm/Necr      ########..   1%          5    N/A
 Fireball                 Conj/Fire      #######...   1%          5    N/A
 Lightning Bolt           Conj/Air       ########..   1%          5    N/A
 Silence                  Hex/Air        #######...   1%          5    N/A
 Summon Forest            Summ/Tloc      #######...   1%          5    N/A
 Yara's Violent Unravell  Hex/Tmut       #######...   1%          5    N/A
 Death Channel            Necr           ########..   1%          6    N/A
 Freezing Cloud           Conj/Ice/Air   #######...   1%          6    N/A
 Hydra Form               Tmut           ########..   1%          6    N/A
 Iron Shot                Conj/Erth      ########..   1%          6    N/A
 Simulacrum               Ice/Necr       ########..   1%          6    N/A
 Dragon Form              Tmut           ########..   1%          7    N/A
 Confusing Touch          Hex            ####....     2%          3    N/A
 Summon Guardian Golem    Hex/Summ       #####...     2%          3    N/A
 Tukima's Dance           Hex            ####....     2%          3    N/A
 Fulminant Prism          Conj/Hex       ######....   2%          4    N/A
 Summon Ice Beast         Ice/Summ       ######..     2%          4    N/A
 Iskenderun's Battlesphe  Conj/Chrm      ######..     2%          5    N/A
 Eringya's Noxious Bog    Tmut/Pois      #######...   2%          6    N/A
 Starburst                Conj/Fire      #######...   2%          6    N/A
 Borgnjor's Revivificati  Necr           ########..   2%          8    N/A
 Infestation              Necr           ########..   2%          8    N/A
 Metabolic Englaciation   Hex/Ice        ######....   8%          5    N/A
 Cause Fear               Hex            ####......   9%          4    N/A
 Olgreb's Toxic Radiance  Pois           ####....     9%          4    N/A
 Ozocubu's Refrigeration  Ice            ######....   12%         6    N/A
 Haunt                    Necr/Summ      ########..   13%         7    N/A
 Ring of Flames           Chrm/Fire      #######...   13%         7    N/A
 Summon Mana Viper        Hex/Summ       #####...     21%         5    N/A
 Ignition                 Fire           ########..   21%         8    N/A
 Disjunction              Tloc           #######...   28%         8    N/A
 Death's Door             Chrm/Necr      ########..   34%         8    N/A
 Malign Gateway           Summ/Tloc      #######...   41%         7    N/A
 Orb of Destruction       Conj           ######....   54%         7    N/A
 Shadow Creatures         Summ           N/A          67%         6    N/A
 Darkness                 Hex            ####......   80%         6    N/A
 Invisibility             Hex            ####....     80%         6    N/A
 Spellforged Servitor     Conj/Summ      ######....   88%         7    N/A
 Monstrous Menagerie      Summ           #####.....   99%         7    N/A
 Summon Greater Demon     Summ           #####.....   99%         7    N/A
 Summon Hydra             Summ           #####.....   99%         7    N/A
 Discord                  Hex            ####......   100%        8    N/A
 Summon Horrible Things   Summ           #####.....   100%        8    N/A
 Dragon's Call            Summ           #####.....   100%        9    N/A
 Blink                    Tloc           Unusable     N/A         2    N/A
 Swiftness                Chrm/Air       Unusable     N/A         2    N/A
 Controlled Blink         Tloc           Unusable     N/A         8    N/A

Dungeon Overview and Level Annotations

Branches:
Dungeon (15/15)            Temple (1/1) D:6            Lair (6/6) D:11
 Shoals (4/4) Lair:4        Snake (4/4) Lair:4        Slime (0/5) Lair:6
    Orc (2/2) D:9             Elf (3/3) Orc:2        Vaults (5/5) D:13
  Crypt (3/3) Vaults:2       Tomb (3/3) Crypt:3      Depths (0/5) D:15
Ossuary (visited)          Bailey (visited)           IceCv (visited)

Altars:
Ashenzari
Cheibriados
Dithmenos
Elyvilon
Fedhas
Gozag
Hepliaklqana
Kikubaaqudgha
Makhleb
Nemelex Xobeh
Okawaru
Qazlal
Ru
Sif Muna
Trog
Uskayaw
Vehumet
Wu Jian
Xom
Yredelemnul
Zin
The Shining One

Shops:
D:8 *?=(:   D:9 [   D:10 [   D:11 =   D:15 *   Orc:1 [   Orc:2 [*([%=
Elf:3 *=   Shoals:4 [   Snake:2 }   Vaults:1 !%(=?   Vaults:4 !   Tomb:3 *[=[(*


Innate Abilities, Weirdness & Mutations

You cannot be hasted, slowed, berserked, paralysed or teleported.
You can dig through walls and to a lower floor.
Your four strong arms can wield two-handed weapons with a shield.
You have a pair of large antennae on your head. (SInv)
You have very sharp teeth.
You are partially covered in iridescent scales. (AC +2)
You are partially covered in yellow scales. (AC +2)
Your mind is acute. (Int +2)
You are clumsy. (Dex -2)
You are resistant to hostile enchantments. (MR+)
Your muscles are strong. (Str +2)


Message History

The emperor scorpion goes berserk!
The moth of wrath goads the emperor scorpion on!
The emperor scorpion goes berserk!
The demonic crawler barely misses you. x2
The demonic crawler hits you. The ghost moth stares at you. x3
The entropy weaver hits you. x2
The entropy weaver barely misses you.
The entropy weaver hits you but does no damage.
The ghost moth stares at you.
The jumping spider leaps!
The demonic crawler closely misses you.
The demonic crawler hits you but does no damage.
The demonic crawler hits you. The tarantella bites you!!
The ghost moth stares at you. The emperor scorpion stings you.
The emperor scorpion claws you! x2
You die...
Your body crumbles into a pile of gold.

▓▓.........
▓▓.................▓
▓▓.........$.........
▓▓.........$.s$$......
▓▓.......$$.$$...s.....
▓▓......$.$$.$$$y.s.....
▓.........$..$ssyywsy...
.........$$$$ssaysyys...
∩.......$$..$yysLssss°..
........$..$..sassysw...
▓.............ysasyys...
▓▓.............sysyss...
▓▓..............ss.s...
$ ▓▓............$...s...
▓▓...................
▓▓.................▓
▓...............


You could see 5 emperor scorpions, 10 ghost moths, 3 entropy weavers, 2 torpor
snails, 3 demonic crawlers, a wolf spider (berserk), 4 moths of wrath, 8 orb
spiders, a hornet (berserk), 8 jumping spiders, 4 tarantellas and a redback
(berserk).

Vanquished Creatures
  14 ancient liches
  2 juggernauts (Zig:7)
  34 greater mummies
  Boris (Vaults:3)
  Sojobo (Crypt:3)
  A shard shrike (Zig:14)
  The ghost of handsome the Unseen, a veteran OpWn of Xom (Vaults:2)
  A curse toe (Crypt:3)
  4 caustic shrikes (Zig:15)
  The ghost of Marixus the Executioner, an adept HOFi of Beogh (Vaults:2)
  2 pandemonium lords
  5 profane servitors
  5 golden dragons
  3 iron giants
  8 bone dragons
  2 electric golems (Zig:12)
  6 Brimstone Fiends
  Jorgrun (Orc:2)
  7 Hell Sentinels
  4 Ice Fiends
  2 hellephants (Zig:15)
  25 liches
  5 tentacled monstrosities
  4 deep elf blademasters (Elf:3)
  2 quicksilver dragons (Vaults:5)
  Asterion (Elf:2)
  4 deep elf master archers (Elf:3)
  12 titans
  2 Executioners (Zig:19)
  13 sphinxes
  Kirke (Snake:3)
  9 tentacled starspawn
  Polyphemus (Shoals:4)
  2 thorn hunters (Zig:18)
  A kraken (Shoals:1)
  An acid blob (Zig:6)
  30 ancient champions
  A draconian monk (Zig:1)
  5 storm dragons
  An azure jelly (Zig:6)
  15 revenants
  Donald (Shoals:3)
  6 tengu reavers
  3 fire giants
  32 nagarajas
  8 frost giants
  Ilsuiw (Shoals:2)
  9 corrupters
  13 vault wardens
  2 cacodemons
  9 deep elf sorcerers
  3 iron dragons
  2 orc warlords (Orc:2)
  4 emperor scorpions (Zig:24)
  3 draconian knights
  6 balrugs
  5 warmongers
  Louise (Shoals:4)
  11 ghost moths
  Aizul (Vaults:1)
  The ghost of Kiokkeho the Brawler, a journeyman TrMo of Qazlal (D:13)
  An angel (D:5)
  8 ghouls
  A caustic shrike zombie (Zig:10)
  13 curse skulls
  3 deep elf elementalists
  3 draconian annihilators
  13 ironheart preservers
  5 very ugly things
  The ghost of Lologg the Cleaver, a journeyman FoFi of Okawaru (D:14)
  10 war gargoyles
  A blood saint (Zig:17)
  9 stone giants
  23 vampire knights
  An ophan (Zig:13)
  13 bennus
  20 reapers
  5 black suns
  5 deep elf demonologists
  12 deep elf annihilators
  9 entropy weavers
  3 spark wasps
  A minotaur (Shoals:2)
  2 dire elephants (Zig:15)
  14 eidola
  The ghost of Delamore the Peltast, a journeyman GrFi of Okawaru (Lair:5)
  12 merfolk javelineers
  5 blizzard demons
  2 fire dragons
  2 quicksilver dragon zombies
  18 jiangshi
  Josephine (Lair:4)
  A crystal guardian (Vaults:4)
  9 ettins
  15 merfolk impalers
  13 deep elf death magi
  23 mummy priests
  2 deep elf high priests
  6 green deaths
  Erolcha (Orc:2)
  5 ice dragons
  28 vault guards
  7 merfolk avatars
  4 rakshasas
  17 yaktaur captains
  2 great orbs of eyes
  20 hydras
  3 quicksilver dragon skeletons
  2 hell beasts (Zig:19)
  5 spriggan air magi
  17 naga warriors
  A caustic shrike simulacrum (Zig:14)
  A ghost crab (Zig:18)
  10 anacondas
  7 alligator snapping turtles
  2 shambling mangroves (Zig:18)
  15 merfolk aquamancers
  4 catoblepae
  A centaur warrior (D:13)
  8 ogre magi
  An alligator (Zig:18)
  3 deep troll shamans
  4 satyrs
  21 two-headed ogres
  3 death knights
  8 death yaks
  72 death scarabs
  A deep troll earth mage (Vaults:1)
  3 titan zombies
  19 vampire magi
  Urug (D:11)
  7 soul eaters
  A storm dragon zombie (Zig:23)
  6 orc high priests
  A hell hog (Zig:25)
  29 deep elf knights
  15 naga sharpshooters
  A hell knight (Vaults:5)
  8 thrashing horrors
  Sonja (Lair:5)
  14 shock serpents
  7 wretched stars
  2 fire crabs (shapeshifter)
  A titan skeleton (Zig:23)
  2 salamander mystics (Snake:3)
  2 spatial maelstroms (Zig:25)
  30 skeletal warriors
  A glowing orange brain (shapeshifter) (Elf:2)
  A sixfirhy (Zig:25)
  An anaconda zombie (Crypt:3)
  A storm dragon skeleton (Crypt:1)
  16 flayed ghosts
  9 naga ritualists
  9 shadow wraiths
  3 golden dragon zombies
  3 unseen horrors
  24 sea snakes
  2 shadow demons (Zig:19)
  13 deep trolls
  3 orange crystal statues
  2 anaconda skeletons
  3 glowing orange brains
  3 wizards
  An obsidian statue (Zig:9)
  2 death drakes (Zig:18)
  7 swamp dragons
  21 deep elf archers
  28 orc knights
  20 phantasmal warriors
  28 harpies
  An iron giant skeleton (Crypt:3)
  A lindwurm (Zig:15)
  3 sphinx zombies
  20 ironbrand convokers
  A stone giant zombie (Crypt:3)
  5 orb spiders
  11 necromancers
  A lindwurm (shapeshifter) (Vaults:5)
  71 deep elf magi
  4 wolf spider zombies
  A shadow dragon skeleton (Crypt:1)
  A shadow dragon zombie (Zig:23)
  6 orc sorcerers
  18 wolf spiders
  15 mana vipers
  46 ugly things
  A worldbinder (Zig:13)
  2 fire giant zombies
  An iron dragon zombie (Zig:23)
  12 salamanders
  A cyclops (shapeshifter) (Zig:4)
  A frost giant zombie (Zig:10)
  13 manticores
  A shining eye (Zig:6)
  16 cyclopes
  2 orb spiders (shapeshifter)
  A sphinx skeleton (Vaults:2)
  10 fauns
  2 stone giant skeletons
  13 merfolk sirens
  A shock serpent zombie (Crypt:1)
  2 frost giant skeletons
  Maurice (D:8)
  3 fire giant skeletons
  3 moths of wrath (Zig:24)
  A guardian serpent (shapeshifter) (Vaults:5)
  An apocalypse crab (Zig:25)
  16 vault sentinels
  2 titan simulacra
  44 black mambas
  Maggie (D:7)
  9 rust devils
  18 naga magi
  An elephant (shapeshifter) (Vaults:5)
  14 elephants
  6 ice statues
  7 gargoyles
  22 guardian serpents
  12 water nymphs
  2 torpor snails
  3 orange demons
  2 iron dragon skeletons
  An eye of devastation (Zig:17)
  4 smoke demons
  3 hellions
  20 spiny frogs
  9 rime drakes
  6 kobold demonologists
  A yaktaur (shapeshifter) (Vaults:4)
  3 efreet
  12 tormentors
  A pale draconian zombie (Crypt:2)
  10 freezing wraiths
  11 yaktaurs
  A red draconian zombie (Crypt:2)
  A yellow draconian zombie (Crypt:3)
  A catoblepas zombie (Crypt:1)
  47 guardian mummies
  9 ice devils
  3 demonic crawlers
  A white draconian skeleton (Tomb:3)
  5 komodo dragons
  4 ancient zymes
  A hydra zombie (D:14)
  19 trolls
  A jumping spider (shapeshifter) (Vaults:5)
  2 wind drakes (shapeshifter)
  A polar bear (Lair:3)
  2 red devils (Zig:19)
  6 tyrant leeches (Zig:18)
  54 merfolk
  A silent spectre (Zig:25)
  3 meliai (Shoals:2)
  A queen bee (shapeshifter) (Vaults:5)
  A shadow dragon simulacrum (Crypt:1)
  A jumping spider zombie (Crypt:1)
  A raiju (shapeshifter) (D:14)
  5 wind drakes
  2 tengu simulacra
  Grinder (D:5)
  5 jumping spiders
  5 blink frogs
  4 bog bodies
  12 hornets
  22 snapping turtles
  3 fire giant simulacra
  A death drake skeleton (Crypt:1)
  5 dream sheep
  17 slime creatures
  A hydra skeleton (D:14)
  15 hippogriffs
  A fire dragon zombie (D:14)
  12 raiju
  An iron dragon simulacrum (Zig:14)
  A shock serpent simulacrum (Crypt:3)
  2 ettin skeletons (Vaults:2)
  Sigmund (D:7)
  A black mamba zombie (Crypt:3)
  16 flying skulls
  2 fire dragon skeletons
  16 starcursed masses
  A spriggan (shapeshifter) (Vaults:3)
  21 redbacks
  17 wraiths
  6 tarantellas
  13 large abominations
  5 air elementals
  6 shadows
  A vampire (D:15)
  64 yaks
  An ice dragon skeleton (D:13)
  A wyvern (Lair:6)
  16 water elementals
  19 ushabtiu
  4 ynoxinuls
  3 hogs (Snake:3)
  A human (shapeshifter) (Vaults:2)
  4 fire elementals
  6 vampire mosquitoes
  A wind drake zombie (Crypt:1)
  4 basilisks
  5 chaos spawn
  3 neqoxecs (Zig:25)
  A steam dragon (D:12)
  A golden eye (Zig:25)
  2 human simulacra (Vaults:2)
  2 hungry ghosts
  9 wargs
  4 insubstantial wisps (Zig:12)
  56 nagas
  Menkaure (D:5)
  2 acid dragons
  Edmund (D:7)
  4 hell hounds
  7 elf zombies
  A floating eye (Zig:17)
  17 water moccasins
  11 porcupines
  6 swamp drakes
  A torturous demonspawn skeleton (Crypt:2)
  76 orc warriors
  A deep troll skeleton (Crypt:1)
  A phantom (D:9)
  14 ice beasts
  A sky beast (D:10)
  A spiny frog skeleton (Crypt:2)
  3 black bears
  A black bear (shapeshifter) (D:14)
  4 eyes of draining
  A necrophage (D:9)
  28 ogres
  5 orc skeletons
  18 crocodiles
  37 human skeletons
  8 centaurs
  10 small abominations
  6 big kobolds
  A komodo dragon zombie (D:13)
  A cyclops zombie (Crypt:3)
  A hippogriff zombie (D:12)
  11 earth elementals
  4 gnoll sergeants
  12 bullfrogs
  A hippogriff skeleton (D:13)
  A glowing shapeshifter simulacrum (Vaults:1)
  A yaktaur skeleton (D:13)
  A water moccasin zombie (Crypt:3)
  A komodo dragon skeleton (Crypt:3)
  A cyclops skeleton (D:13)
  14 scorpions
  9 killer bees
  2 troll zombies
  6 wights
  2 electric eels (Snake:2)
  4 tengu skeletons
  8 crimson imps
  A bullfrog zombie (D:14)
  A quasit (D:11)
  7 centaur zombies
  10 human zombies
  8 hounds
  5 jellies
  10 centaur skeletons
  A gnoll shaman (Orc:2)
  21 orc priests
  A bullfrog skeleton (D:10)
  15 iron imps
  4 iguanas
  11 worker ants
  31 orc wizards
  A worker ant (shapeshifter) (Vaults:5)
  A felid zombie (Crypt:2)
  2 big kobold zombies (Ossuary)
  A dwarf zombie (Crypt:1)
  2 ogre zombies
  A hound zombie (D:10)
  2 hound skeletons
  80 mummies
  A howler monkey zombie (D:11)
  10 adders
  12 gnolls
  5 scorpion zombies
  6 shadow imps
  An ooze (D:1)
  An adder zombie (D:7)
  An iguana zombie (D:14)
  2 adder skeletons
  2 worms
  A barachi skeleton (Crypt:2)
  2 dart slugs (D:1)
  6 leopard geckos
  137 orcs
  3 bats
  A bat skeleton (Crypt:2)
  7 giant cockroaches
  8 goblins
  6 hobgoblins
  3 jackals (D:6)
  7 quokkas
  A ball python (D:1)
  6 frilled lizards
  4 gnoll zombies
  A goblin skeleton (D:11)
  2 goblin zombies (Ossuary)
  A hobgoblin skeleton (D:14)
  5 hobgoblin zombies
  22 kobolds
  A kobold skeleton (D:14)
  2 kobold zombies
  4 leopard gecko skeletons
  A leopard gecko zombie (D:14)
  6 orc zombies
  A quokka skeleton (D:8)
  4 quokka zombies
  8 rats
  A rat zombie (D:12)
  23 briar patches (Zig:18)
  A bush (Lair:6)
  A fungus (Orc:2)
  9 plants
  3 starspawn tentacles
3290 creatures vanquished.

Vanquished Creatures (collateral kills)
  A soldier ant (D:15)
1 creature vanquished.

Vanquished Creatures (others)
  A bennu (Tomb:3)
  A mummy priest (Tomb:3)
  23 dancing weapons
  7 death scarabs (Tomb:3)
  A deep elf knight (Elf:1)
  A shadow wraith (Vaults:5)
  2 deep elf magi (Elf:2)
  A manticore (Shoals:1)
  3 guardian mummies (Tomb:3)
  An air elemental (Elf:2)
  A fire elemental (Elf:2)
  2 nagas (Snake:4)
  2 orc warriors
  3 mummies (Tomb:3)
  An orc (Orc:2)
  A hobgoblin zombie (Ossuary)
  A briar patch (Zig:18)
  13 fungi
  13 plants
  5 starspawn tentacles
  4 tentacles (Shoals:1)
  5 withered plants (Vaults:2)
92 creatures vanquished.

Grand Total: 3383 creatures vanquished

Notes
Turn   | Place    | Note
-------+----------+-------------------------------------------
     0 | D:1      | DildoBatman the Formicid Wizard began the quest for the
                  | Orb.
     0 | D:1      | Reached XP level 1. HP: 13/13 MP: 4/4
    95 | D:1      | Reached skill level 1 in Conjurations
   170 | D:1      | Reached XP level 2. HP: 19/19 MP: 3/6
   532 | D:1      | Reached XP level 3. HP: 24/24 MP: 3/7
  1503 | D:2      | Reached XP level 4. HP: 24/30 MP: 1/8
  1812 | D:3      | Found a stormy altar of Qazlal.
  1815 | D:3      | Noticed an earth elemental
  1816 | D:3      | Noticed a water elemental
  1816 | D:3      | Noticed an air elemental
  1816 | D:3      | Noticed a fire elemental
  2529 | D:5      | Entered Level 5 of the Dungeon
  2537 | D:5      | Found a white marble altar of Elyvilon.
  2537 | D:5      | Noticed an angel
  2538 | D:5      | Found a runed translucent door.
  2552 | D:5      | Reached XP level 5. HP: 35/35 MP: 5/9
  2617 | D:5      | Noticed a centaur
  2629 | D:5      | You fall into a shaft and drop 1 floor!
  2634 | D:6      | Learned a level 3 spell: Conjure Flame
  2638 | D:6      | Learned a level 3 spell: Mephitic Cloud
  2653 | D:6      | Noticed an orc warrior
  2691 | D:6      | Killed an orc warrior
  2691 | D:6      | Reached skill level 5 in Conjurations
  2691 | D:6      | Reached XP level 6. HP: 30/41 MP: 2/10
  2872 | D:6      | Found a sand-covered staircase.
  2881 | D:6      | HP: 2/41 [mummy (13)]
  2959 | Ossuary  | Entered an ossuary
  2986 | Ossuary  | Reached skill level 1 in Fire Magic
  2986 | Ossuary  | Reached XP level 7. HP: 43/46 MP: 7/11
  3070 | Ossuary  | Reached skill level 1 in Air Magic
  3201 | Ossuary  | Reached XP level 8. HP: 28/52 MP: 9/12
  3251 | Ossuary  | Got a glittering wooden ring
  3468 | D:6      | Identified the ring "Tec Upi" {rPois Str+3 SInv} (You found
                  | it in an ossuary)
  3473 | D:6      | Gained mutation: Scrolls take you a little longer to read.
                  | [potion of mutation]
  3473 | D:6      | Gained mutation: You do not regenerate when monsters are
                  | visible. [potion of mutation]
  3473 | D:6      | Lost mutation: You do not regenerate when monsters are
                  | visible. [potion of mutation]
  3474 | D:6      | Lost mutation: Scrolls take you a little longer to read.
                  | [potion of mutation]
  3474 | D:6      | Gained mutation: You are partially covered in yellow
                  | scales. (AC +2) [potion of mutation]
  3474 | D:6      | Gained mutation: Scrolls take you a little longer to read.
                  | [potion of mutation]
  3474 | D:6      | Gained mutation: Your system is resistant to poisons.
                  | (rPois) [potion of mutation]
  3475 | D:6      | Lost mutation: Scrolls take you a little longer to read.
                  | [potion of mutation]
  3475 | D:6      | Lost mutation: Your system is resistant to poisons. (rPois)
                  | [potion of mutation]
  3475 | D:6      | Gained mutation: Your muscles are strong. (Str +2) [potion
                  | of mutation]
  3475 | D:6      | Gained mutation: You evolve. [potion of mutation]
  3475 | D:6      | Gained mutation: You are partially covered in iridescent
                  | scales. (AC +2) [potion of mutation]
  3748 | D:6      | Found a staircase to the Ecumenical Temple.
  3754 | Temple   | Entered the Ecumenical Temple
  3835 | Temple   | Became a worshipper of Kikubaaqudgha
  4124 | D:6      | Reached skill level 5 in Fire Magic
  4295 | D:5      | Reached skill level 1 in Fighting
  4295 | D:5      | Reached skill level 1 in Armour
  4468 | D:5      | Noticed Grinder
  4480 | D:5      | Killed Grinder
  4480 | D:5      | Reached XP level 9. HP: 50/61 MP: 9/13
  4733 | D:5      | Reached * piety under Kikubaaqudgha
  4733 | D:5      | Identified Kikubaaqudgha's Papyrus of Evil Arts
                  | (Kikubaaqudgha gifted it to you on level 5 of the Dungeon)
  4733 | D:5      | Received a gift from Kikubaaqudgha
  4903 | D:5      | Noticed Menkaure
  4907 | D:5      | Killed Menkaure
  5960 | D:6      | Learned a level 2 spell: Sublimation of Blood
  5964 | D:6      | Learned a level 3 spell: Vampiric Draining
  5965 | D:7      | Noticed Maggie
  5981 | D:7      | Killed Maggie
  5981 | D:7      | Reached skill level 1 in Necromancy
  6181 | D:7      | Noticed Sigmund
  6197 | D:7      | Killed Sigmund
  6197 | D:7      | Reached skill level 5 in Air Magic
  6197 | D:7      | Reached XP level 10. HP: 71/72 MP: 15/15
  6591 | D:7      | Noticed Edmund
  6608 | D:7      | Killed Edmund
  6608 | D:7      | Reached ** piety under Kikubaaqudgha
  6672 | D:7      | Gained mutation: You are partially covered in molten
                  | scales. (AC +2) [evolution]
  6742 | D:8      | Found Extat's Antique Weapon Shoppe.
  6805 | D:8      | Found Mohuv's Book Emporium.
  6879 | D:8      | Found Quaheyn's Jewellery Emporium.
  6905 | D:8      | Reached skill level 5 in Armour
  6944 | D:8      | Reached skill level 5 in Fighting
  6954 | D:8      | Found Ykanino's Magic Scroll Boutique.
  6958 | D:8      | Found Dampi's General Store.
  6962 | D:8      | Bought a scroll of noise for 15 gold pieces
  6971 | D:8      | Bought a scroll of magic mapping for 52 gold pieces
  6991 | D:8      | Found a flagged portal.
  7008 | D:8      | Noticed Maurice
  7020 | D:8      | Killed Maurice
  7096 | Bailey   | Entered a bailey
  7119 | Bailey   | Noticed an orc knight
  7132 | Bailey   | Killed an orc knight
  7132 | Bailey   | Reached skill level 5 in Dodging
  7132 | Bailey   | Reached skill level 5 in Spellcasting
  7166 | Bailey   | Noticed an orc knight
  7170 | Bailey   | Killed an orc knight
  7179 | Bailey   | Reached XP level 11. HP: 81/81 MP: 14/19
  7188 | Bailey   | Noticed an orc knight
  7196 | Bailey   | Killed an orc knight
  7287 | Bailey   | Got a bloodstained hand axe
  7344 | D:8      | Identified the +9 hand axe "Poen Kau" {freeze, +Blink rF-
                  | rC+ Str+2} (You found it in a bailey)
  8092 | D:9      | Found Jocoev's Antique Armour Shoppe.
  8268 | D:9      | Reached skill level 5 in Necromancy
  8315 | D:9      | Reached *** piety under Kikubaaqudgha
  8315 | D:9      | Identified Kikubaaqudgha's Compendium of Dark Rituals
                  | (Kikubaaqudgha gifted it to you on level 9 of the Dungeon)
  8315 | D:9      | Received a gift from Kikubaaqudgha
  8325 | D:9      | Learned a level 4 spell: Dispel Undead
  8331 | D:9      | Learned a level 5 spell: Borgnjor's Vile Clutch
  8361 | D:9      | Got a bloodstained robe
  8383 | D:9      | Identified the +2 robe of Duty {rF+ Dex+4 Slay+4} (You
                  | found it on level 9 of the Dungeon)
  8443 | D:9      | Reached skill level 1 in Earth Magic
  8971 | D:8      | Bought an uncursed amulet of faith for 440 gold pieces
  9213 | D:9      | Found a staircase to the Orcish Mines.
  9217 | D:9      | Reached skill level 2 in Earth Magic
  9217 | D:9      | Reached skill level 3 in Earth Magic
  9288 | Orc:1    | Entered Level 1 of the Orcish Mines
  9321 | Orc:1    | Reached **** piety under Kikubaaqudgha
  9374 | Orc:1    | Reached skill level 4 in Earth Magic
  9559 | Orc:1    | Reached XP level 12. HP: 76/91 MP: 12/22
  9755 | Orc:1    | Reached skill level 5 in Earth Magic
  9898 | Orc:1    | Reached skill level 6 in Earth Magic
 10021 | Orc:1    | Found Licuinei's Armour Emporium.
 10137 | Orc:1    | Bought a +2 pair of gloves of strength for 258 gold pieces
 10158 | Orc:2    | Entered Level 2 of the Orcish Mines
 10161 | Orc:2    | Noticed Jorgrun
 10256 | Orc:1    | Reached skill level 7 in Earth Magic
 10296 | Orc:2    | Found Coihag's Antique Armour Boutique.
 10299 | Orc:2    | Gained mutation: Your magical capacity is low. (-10% MP)
                  | [evolution]
 10445 | Orc:1    | Reached ***** piety under Kikubaaqudgha
 10551 | Orc:2    | Noticed an orc high priest
 10563 | Orc:1    | Reached skill level 8 in Earth Magic
 10620 | Orc:1    | Killed an orc high priest
 10639 | Orc:2    | Noticed an orc high priest
 10645 | Orc:2    | Noticed a soul eater
 10663 | Orc:1    | Killed an orc high priest
 10738 | Orc:2    | Reached skill level 9 in Earth Magic
 10761 | Orc:2    | Found Quleple's Antique Weapon Shop.
 10809 | Orc:2    | Noticed an orc high priest
 10907 | Orc:2    | Noticed an orc warlord
 10921 | Orc:1    | Killed an orc high priest
 11093 | D:10     | Entered Level 10 of the Dungeon
 11108 | D:10     | Reached XP level 13. HP: 85/96 MP: 18/21
 11175 | D:10     | Gained mutation: You are robust. (+10% HP) [evolution]
 11240 | D:10     | Found Wociefet's Antique Armour Shoppe.
 11728 | D:10     | Found a shimmering altar of Xom.
 11786 | D:10     | Reached skill level 1 in Shields
 12073 | D:10     | Got a slimy short sword
 12118 | D:10     | Identified the +9 short sword of the Sun {speed, rElec rC+
                  | Str+2} (You found it on level 10 of the Dungeon)
 12397 | D:11     | Reached ****** piety under Kikubaaqudgha
 12398 | D:11     | Received a gift from Kikubaaqudgha
 12400 | D:11     | Fell from the grace of Kikubaaqudgha
 12604 | Temple   | Became a worshipper of Gozag Ym Sagoz the Greedy
 13013 | D:11     | Noticed Urug
 13031 | D:11     | Killed Urug
 13129 | D:11     | Found Wapsygg's Jewellery Shop.
 13263 | D:11     | Found a staircase to the Lair.
 13972 | D:12     | Reached skill level 5 in Shields
 14524 | D:13     | Found an opulent altar of Gozag.
 14596 | D:13     | Reached skill level 10 in Armour
 14625 | D:13     | Reached XP level 14. HP: 106/119 MP: 8/23
 14685 | D:13     | Found a runed translucent gate.
 14685 | D:13     | Found a runed translucent gate.
 14685 | D:13     | Found a runed translucent gate.
 14686 | D:13     | Reached skill level 10 in Fighting
 14784 | D:13     | Found a gate to the Vaults.
 15129 | D:13     | Found an ancient bone altar of Kikubaaqudgha.
 15159 | D:13     | Noticed a lich
 15159 | D:13     | Noticed a lich
 15160 | D:13     | Noticed a lich
 15160 | D:13     | Noticed Kiokkeho's ghost (journeyman TrMo)
 15160 | D:13     | Noticed a lich
 15850 | D:14     | Found a shattered altar of Ashenzari.
 16291 | D:14     | Found a large runed translucent door.
 16291 | D:14     | Found a large runed translucent door.
 16322 | D:14     | Reached skill level 10 in Spellcasting
 16363 | D:14     | Noticed Lologg's ghost (journeyman FoFi)
 16595 | D:14     | Killed Lologg's ghost
 16831 | D:14     | Was forgiven by Kikubaaqudgha
 16933 | D:15     | Entered Level 15 of the Dungeon
 17054 | D:15     | Gained mutation: You have very sharp teeth. [evolution]
 17190 | D:15     | Found a staircase to the Depths.
 17190 | D:15     | Noticed a fire giant
 17209 | D:15     | Killed a fire giant
 17254 | D:15     | Got a spiked scale mail
 17256 | D:15     | Found Xiba Cent's Pet Rocks.
 17453 | D:15     | Identified the +1 scale mail of the Heron {Int+5 Stlth-}
                  | (You found it on level 15 of the Dungeon)
 17510 | D:15     | Reached XP level 15. HP: 106/126 MP: 4/27
 17635 | D:15     | Learned a level 3 spell: Ozocubu's Armour
 18197 | Lair:1   | Entered Level 1 of the Lair of Beasts
 19034 | Lair:2   | Found a frozen archway.
 19094 | IceCv    | Entered an ice cave
 19145 | IceCv    | Found a transporter.
 19175 | IceCv    | Found a transporter.
 19841 | Lair:3   | Got a sparkling ivory ring
 19858 | Lair:3   | Gained mutation: Scrolls take you a little longer to read.
                  | [evolution]
 19903 | Lair:3   | Identified the cursed ring of Nioplo {rPois MR+ Dex-4
                  | Slay+3} (You found it on level 3 of the Lair of Beasts)
 20289 | Lair:4   | Found a staircase to the Snake Pit.
 20563 | Lair:4   | Noticed Josephine
 20569 | Lair:4   | Killed Josephine
 20929 | Lair:4   | Found a staircase to the Shoals.
 20951 | Lair:4   | Reached skill level 15 in Spellcasting
 21298 | Lair:5   | Noticed Sonja
 21309 | Lair:5   | Killed Sonja
 21325 | Lair:5   | Reached XP level 16. HP: 125/134 MP: 10/31
 21583 | Lair:5   | Found a runed translucent gate.
 21584 | Lair:5   | Found a runed translucent gate.
 21585 | Lair:5   | Found a runed translucent gate.
 21587 | Lair:5   | Noticed Delamore's ghost (journeyman GrFi)
 21594 | Lair:5   | Killed Delamore's ghost
 21651 | Lair:5   | Got a crystal spear
 21800 | Lair:5   | Identified the +2 spear of Accidental Termination {elec,
                  | Str+2} (You found it on level 5 of the Lair of Beasts)
 22143 | Lair:6   | Entered Level 6 of the Lair of Beasts
 22300 | Lair:6   | Found a staircase to the Slime Pits.
 22752 | Lair:6   | Reached skill level 10 in Earth Magic
 22889 | Lair:6   | Reached skill level 11 in Earth Magic
 23610 | Orc:1    | Reached skill level 12 in Earth Magic
 23631 | Orc:2    | Killed Jorgrun
 23869 | Orc:2    | Found Fimeh's Food Boutique.
 23889 | Orc:2    | Found Esirer's Jewellery Shoppe.
 23957 | Orc:2    | Gained mutation: You are resistant to hostile enchantments.
                  | (MR+) [evolution]
 23960 | Orc:2    | Reached skill level 13 in Earth Magic
 23966 | Orc:2    | Identified the +2 chain mail of the Robin {+Inv Str+2
                  | Int+6}
 24043 | Orc:2    | Identified the cursed +1 chain mail of Wu Jian's Scorn
                  | {-Tele rC+ Str+2}
 24125 | Orc:2    | Found Jyac's Antique Armour Boutique.
 24149 | Orc:2    | Noticed Erolcha
 24162 | Orc:2    | Killed Erolcha
 24232 | Orc:2    | Found a staircase to the Elven Halls.
 24290 | Orc:2    | Found Arraos's General Store.
 24298 | Orc:2    | Bought a scroll of immolation for 49 gold pieces
 24639 | Orc:2    | Bought a pair of runed boots for 202 gold pieces
 24649 | Orc:2    | Identified a +1 pair of boots of running (You bought it in
                  | a shop on level 2 of the Orcish Mines)
 24990 | D:8      | Bought a scroll of identify for 30 gold pieces
 24990 | D:8      | Bought a scroll of identify for 30 gold pieces
 24990 | D:8      | Bought a scroll of identify for 30 gold pieces
 24990 | D:8      | Bought a scroll of identify for 30 gold pieces
 24998 | D:8      | Bought a potion of brilliance for 60 gold pieces
 25084 | D:10     | Bought a runed buckler for 210 gold pieces
 25084 | D:10     | Bought a pair of embroidered gloves for 210 gold pieces
 25193 | D:8      | Bought a warped hand axe for 240 gold pieces
 25193 | D:8      | Bought a smoking mace for 240 gold pieces
 25193 | D:8      | Identified the +4 hand axe of Disembowelment {flame, Int+4}
                  | (You bought it in a shop on level 8 of the Dungeon)
 25194 | D:8      | Identified the +8 mace of Disharmony {speed, rElec Int+2}
                  | (You bought it in a shop on level 8 of the Dungeon)
 25350 | D:13     | Killed a lich
 25350 | D:13     | Reached skill level 14 in Earth Magic
 25350 | D:13     | Reached XP level 17. HP: 117/140 MP: 20/33
 25355 | D:13     | Killed a lich
 25359 | D:13     | Killed a lich
 25373 | D:13     | Killed Kiokkeho's ghost
 25509 | D:13     | Killed a lich
 25509 | D:13     | Reached skill level 15 in Earth Magic
 25532 | D:13     | Got a bound turquoise ring
 25545 | D:13     | Identified the ring "Fozepen" {rPois Int+6 Dex+4} (You
                  | found it on level 13 of the Dungeon)
 25701 | Snake:1  | Entered Level 1 of the Snake Pit
 25772 | Snake:1  | Reached skill level 1 in Charms
 25772 | Snake:1  | Reached skill level 1 in Ice Magic
 26408 | Snake:2  | Found a hide-covered altar of Uskayaw.
 26425 | Snake:2  | Got a vibrating amethyst amulet
 26427 | Snake:2  | Identified the amulet "Coel Zeinnuk" {Faith +Blink +Fly
                  | rElec MP-9} (You found it on level 2 of the Snake Pit)
 26519 | Snake:2  | Found Fuomowk's Gadget Shop.
 27382 | Snake:3  | Noticed Kirke
 27405 | Snake:3  | Reached skill level 10 in Shields
 27432 | Snake:3  | Killed Kirke
 27507 | Snake:3  | Reached XP level 18. HP: 107/147 MP: 16/34
 28006 | Snake:3  | Lost mutation: You are robust. (+10% HP) [evolution]
 28575 | Snake:4  | Entered Level 4 of the Snake Pit
 29424 | Snake:4  | Reached skill level 15 in Shields
 29627 | Snake:4  | Reached skill level 5 in Ice Magic
 29639 | Snake:4  | Reached skill level 5 in Charms
 29642 | Snake:4  | Reached skill level 16 in Earth Magic
 29765 | Snake:4  | Got a serpentine rune of Zot
 30046 | Shoals:1 | Entered Level 1 of the Shoals
 30073 | Shoals:1 | Reached XP level 19. HP: 140/140 MP: 22/35
 30215 | Shoals:1 | Found a transporter.
 30225 | Shoals:1 | Found a transporter.
 30654 | Shoals:1 | Gained mutation: Your mind is acute. (Int +2) [evolution]
 30668 | Shoals:1 | Found an iron altar of Okawaru.
 31004 | Shoals:1 | Reached skill level 17 in Earth Magic
 31100 | Shoals:1 | Identified Meickiud's Guide on Frigorific Orientation
 31104 | Shoals:1 | Identified the Compendium of Intoxication and Aid
 31106 | Shoals:1 | Identified The Arcane Arts, Part Four
 31251 | Shoals:1 | Learned a level 2 spell: Shroud of Golubria
 31302 | Shoals:2 | Noticed Ilsuiw
 31525 | Shoals:2 | Killed Ilsuiw
 31557 | Shoals:2 | Reached skill level 10 in Necromancy
 31711 | Shoals:2 | Got an iridescent dagger
 31759 | Shoals:2 | Identified the cursed +1 dagger of the Destroying Firefly
                  | {vorpal, *Slow rPois Dex+4} (You found it on level 2 of the
                  | Shoals)
 31812 | Shoals:2 | Found a hide-covered altar of Uskayaw.
 31954 | Shoals:2 | Reached skill level 18 in Earth Magic
 31996 | Shoals:2 | Identified the +7 short sword of Truncation {drain, Int+5}
 33260 | Shoals:4 | Entered Level 4 of the Shoals
 33260 | Shoals:4 | Noticed Polyphemus
 33260 | Shoals:4 | Noticed Louise
 33260 | Shoals:4 | Noticed Donald
 33343 | Shoals:3 | Killed Donald
 33373 | Shoals:4 | Killed Louise
 33472 | Shoals:4 | Reached XP level 20. HP: 147/147 MP: 13/36
 33684 | Shoals:4 | Reached skill level 15 in Necromancy
 33762 | Shoals:4 | Got a polished flail
 33774 | Shoals:4 | Identified the cursed +2 flail "Zigaigou" {distort, MR-
                  | Int+6 Dex+4 Stlth+} (You found it on level 4 of the Shoals)
 33806 | Shoals:4 | Learned a level 8 spell: Necromutation
 33905 | Shoals:4 | Reached skill level 1 in Transmutations
 33963 | Shoals:4 | Identified the Catalogue of Dislocation
 33984 | Shoals:4 | Found Axte's Antique Armour Shoppe.
 34537 | Shoals:4 | Killed Polyphemus
 34791 | Shoals:4 | Reached skill level 5 in Transmutations
 34807 | Shoals:4 | Got a barnacled rune of Zot
 35634 | Vaults:1 | Entered Level 1 of the Vaults
 35886 | Vaults:1 | Found Koosm's Food Boutique.
 35893 | Vaults:1 | Found Pirgh's Distillery.
 35931 | Vaults:1 | Bought a potion of curing for 33 gold pieces
 35931 | Vaults:1 | Bought a potion of curing for 33 gold pieces
 35931 | Vaults:1 | Bought a potion of curing for 33 gold pieces
 35931 | Vaults:1 | Bought 2 potions of heal wounds for 110 gold pieces
 35957 | Vaults:1 | Found Ytidwi's Antique Weapon Emporium.
 35975 | Vaults:1 | Bought a smoking lajatang for 420 gold pieces
 35975 | Vaults:1 | Identified the +8 lajatang "Yleq" {freeze, MR+} (You bought
                  | it in a shop on level 1 of the Vaults)
 36309 | Vaults:1 | Noticed Aizul
 36317 | Vaults:1 | Killed Aizul
 36338 | Vaults:1 | You fall into a shaft and drop 1 floor!
 36517 | Vaults:2 | Got a pair of encrusted gloves
 36528 | Vaults:2 | Identified the +5 pair of gloves of Heawal {rPois MR+} (You
                  | found it on level 2 of the Vaults)
 36705 | Vaults:2 | Reached XP level 21. HP: 127/153 MP: 18/36
 37102 | Vaults:2 | Found a staircase to the Crypt.
 37235 | Vaults:2 | Found a runed translucent gate.
 37235 | Vaults:2 | Found a runed translucent gate.
 37235 | Vaults:2 | Found a runed translucent gate.
 37280 | Vaults:2 | You fall into a shaft and drop 2 floors!
 37386 | Vaults:4 | Reached skill level 10 in Transmutations
 37676 | Vaults:4 | Found Vecuwaj's Distillery.
 37682 | Vaults:4 | Bought a potion of brilliance for 76 gold pieces
 37682 | Vaults:4 | Bought a potion of cancellation for 152 gold pieces
 37682 | Vaults:4 | Bought a potion of brilliance for 76 gold pieces
 37682 | Vaults:4 | Bought a potion of magic for 152 gold pieces
 37682 | Vaults:4 | Bought a potion of curing for 57 gold pieces
 38503 | Vaults:3 | Reached XP level 22. HP: 159/159 MP: 33/37
 39171 | Vaults:3 | Lost mutation: Your magical capacity is low. (-10% MP)
                  | [evolution]
 39323 | Vaults:3 | Noticed Boris
 39331 | Vaults:3 | Killed Boris
 40263 | Vaults:2 | Noticed Marixus's ghost (adept HOFi)
 40289 | Vaults:2 | Noticed handsome's ghost (veteran OpWn)
 40302 | Vaults:2 | Killed Marixus's ghost
 40310 | Vaults:2 | Killed handsome's ghost
 40337 | Vaults:2 | Got a pair of jewelled boots
 40350 | Vaults:2 | Identified the +1 pair of boots of Dust Devil {rPois rF-
                  | Str+2} (You found it on level 2 of the Vaults)
 40482 | Vaults:1 | Found Soocw's Jewellery Emporium.
 40493 | Vaults:1 | Found Kobushrysk's Magic Scroll Shoppe.
 40537 | Vaults:1 | Bought a scroll of identify for 34 gold pieces
 40537 | Vaults:1 | Bought a scroll of identify for 34 gold pieces
 41147 | Elf:1    | Entered Level 1 of the Elven Halls
 41203 | Elf:1    | Reached skill level 15 in Transmutations
 41322 | Elf:1    | Got a pair of shimmering gloves
 41333 | Elf:1    | Identified the cursed +0 pair of gloves "Sopoiw" {rF+ Int+4
                  | Dex+2} (You found it on level 1 of the Elven Halls)
 41584 | Elf:1    | Reached XP level 23. HP: 144/165 MP: 35/43
 42464 | Elf:2    | Found a runed translucent gate.
 42464 | Elf:2    | Found a runed translucent gate.
 42464 | Elf:2    | Found a runed translucent gate.
 42783 | Elf:2    | Noticed Asterion
 42795 | Elf:2    | Killed Asterion
 43152 | Elf:3    | Entered Level 3 of the Elven Halls
 43195 | Elf:3    | Found Ekitt's Jewellery Emporium.
 43346 | Elf:3    | Found Viwky's Assorted Antiques.
 43354 | Elf:3    | Bought a scroll of identify for 82 gold pieces
 43354 | Elf:3    | Bought a crude dagger for 287 gold pieces
 43355 | Elf:3    | Identified the +0 dagger of Vyqelugo {vorpal, Str+4 Dex+2}
                  | (You bought it in a shop on level 3 of the Elven Halls)
 43730 | Elf:3    | Reached XP level 24. HP: 63/172 MP: 9/43
 43990 | Elf:3    | Identified the Tome of Aerial Conjuration
 44010 | Elf:3    | Got a clouded garnet amulet
 44042 | Elf:3    | Got a flickering iron amulet
 44044 | Elf:3    | Identified the amulet of the Hero {Reflect MR+ Dex+3 SH+5}
                  | (You found it on level 3 of the Elven Halls)
 44046 | Elf:3    | Identified the amulet "Menim" {Inacc MP+9 Dex+4} (You found
                  | it on level 3 of the Elven Halls)
 44118 | Elf:3    | Got a fine brass ring
 44180 | Elf:3    | Identified the ring "Ummoarabla" {rC+ MP+9 Int+4} (You
                  | found it on level 3 of the Elven Halls)
 44185 | Elf:3    | Got a shimmering trident
 44186 | Elf:3    | Identified the +5 trident of Ixuf {freeze, rElec Int+6
                  | Dex-3 SInv} (You found it on level 3 of the Elven Halls)
 44669 | Crypt:1  | Entered Level 1 of the Crypt
 44796 | Crypt:1  | Reached skill level 19 in Earth Magic
 45329 | Crypt:1  | Found the +8 longbow "Zephyr" {speed, Dex+3 SInv}
 45498 | Crypt:1  | Reached skill level 20 in Earth Magic
 45841 | Crypt:2  | Lost mutation: Scrolls take you a little longer to read.
                  | [evolution]
 46039 | Crypt:2  | Found an ancient bone altar of Kikubaaqudgha.
 46608 | Crypt:3  | Entered Level 3 of the Crypt
 46775 | Crypt:3  | Noticed a curse toe
 46779 | Crypt:3  | Reached skill level 21 in Earth Magic
 46783 | Crypt:3  | Noticed Sojobo
 46796 | Crypt:3  | Killed Sojobo
 46812 | Crypt:3  | Killed a curse toe
 46812 | Crypt:3  | Reached XP level 25. HP: 104/177 MP: 0/43
 46839 | Crypt:3  | Reached skill level 22 in Earth Magic
 47079 | Crypt:3  | Found a staircase to the Tomb.
 47151 | Crypt:3  | Noticed an ancient lich
 47151 | Crypt:3  | Noticed an ancient lich
 47151 | Crypt:3  | Noticed an ancient lich
 47716 | Crypt:3  | Killed an ancient lich
 47719 | Crypt:3  | Killed an ancient lich
 47744 | Crypt:3  | Killed an ancient lich
 47765 | Crypt:3  | Identified Maozux's Compendium of Dark Ignition
 47767 | Crypt:3  | Identified Kikubaaqudgha's Collected Works on Stolen Souls
 47779 | Crypt:3  | Got a clouded bronze ring
 47779 | Crypt:3  | Got a twitching golden ring
 47781 | Crypt:3  | Got a pair of dazzling gloves
 47794 | Crypt:3  | Identified the +2 pair of gloves of the Journeyman {Int+4}
                  | (You found it on level 3 of the Crypt)
 47806 | Crypt:3  | Identified the ring "Kudeghen" {rF+ rN+ Int+4 SInv} (You
                  | found it on level 3 of the Crypt)
 47809 | Crypt:3  | Identified the ring of Iqus Kom {rC+ rN+} (You found it on
                  | level 3 of the Crypt)
 47817 | Crypt:3  | Got a faintly glowing longbow
 47818 | Crypt:3  | Identified the +4 longbow "Joucken" {flame, rElec Int+4}
                  | (You found it on level 3 of the Crypt)
 47877 | Tomb:1   | Entered Level 1 of the Tomb of the Ancients
 47919 | Tomb:1   | Identified a scroll of acquirement
 47971 | Tomb:1   | Reached skill level 23 in Earth Magic
 48400 | Tomb:1   | Noticed a greater mummy
 48566 | Tomb:1   | Killed a greater mummy
 48566 | Tomb:1   | Reached skill level 24 in Earth Magic
 48636 | Tomb:1   | Noticed a greater mummy
 48650 | Tomb:1   | Killed a greater mummy
 48878 | Tomb:1   | Reached XP level 26. HP: 139/183 MP: 29/43
 49079 | Tomb:1   | Learned a level 9 spell: Shatter
 49088 | Tomb:1   | Learned a level 5 spell: Bolt of Magma
 49158 | Tomb:1   | Noticed a greater mummy
 49158 | Tomb:1   | Noticed a greater mummy
 49160 | Tomb:1   | Noticed a greater mummy
 49161 | Tomb:1   | Noticed a greater mummy
 49163 | Tomb:1   | Noticed a greater mummy
 49163 | Tomb:1   | Noticed a greater mummy
 49166 | Tomb:1   | Killed a greater mummy
 49166 | Tomb:1   | Killed a greater mummy
 49166 | Tomb:1   | Reached skill level 25 in Earth Magic
 49167 | Tomb:1   | Killed a greater mummy
 49167 | Tomb:1   | Killed a greater mummy
 49167 | Tomb:1   | Killed a greater mummy
 49167 | Tomb:1   | Killed a greater mummy
 49169 | Tomb:1   | Noticed a greater mummy
 49170 | Tomb:1   | Noticed a greater mummy
 49172 | Tomb:1   | Noticed a greater mummy
 49265 | Tomb:1   | Killed a greater mummy
 49265 | Tomb:1   | Killed a greater mummy
 49265 | Tomb:1   | Killed a greater mummy
 49325 | Tomb:1   | Noticed a greater mummy
 49331 | Tomb:1   | Noticed a greater mummy
 49332 | Tomb:1   | Killed a greater mummy
 49332 | Tomb:1   | Reached skill level 26 in Earth Magic
 49338 | Tomb:1   | Killed a greater mummy
 49341 | Tomb:1   | Noticed a greater mummy
 49354 | Tomb:1   | Killed a greater mummy
 49472 | Tomb:1   | Noticed a greater mummy
 49479 | Tomb:1   | Killed a greater mummy
 49487 | Tomb:1   | Noticed a greater mummy
 49487 | Tomb:1   | Noticed a greater mummy
 49511 | Tomb:1   | Killed a greater mummy
 49631 | Tomb:1   | Noticed a greater mummy
 49641 | Tomb:1   | Killed a greater mummy
 49681 | Tomb:1   | Noticed a greater mummy
 49690 | Tomb:1   | Killed a greater mummy
 49757 | Tomb:1   | Noticed a greater mummy
 49765 | Tomb:1   | Killed a greater mummy
 49765 | Tomb:1   | Reached skill level 27 in Earth Magic
 49774 | Tomb:1   | Learned a level 2 spell: Corpse Rot
 49779 | Tomb:1   | Killed a greater mummy
 49844 | Tomb:1   | Noticed a greater mummy
 49877 | Tomb:1   | Killed a greater mummy
 51071 | Vaults:5 | Entered Level 5 of the Vaults
 51072 | Vaults:5 | Reached XP level 27. HP: 189/189 MP: 43/43
 51073 | Vaults:5 | Identified the +7 long sword of the Onslaught {vamp, Int+7
                  | Dex+3}
 51188 | Vaults:4 | Reached skill level 10 in Air Magic
 51678 | Vaults:5 | Reached skill level 1 in Evocations
 52075 | Vaults:5 | Reached skill level 5 in Evocations
 52618 | Vaults:5 | Found the +8 demon blade "Leech" {vamp, *Rage +Rage rN+}
 52961 | Vaults:5 | Found the -2 hat of the Alchemist {rElec rPois rF+ rC+ rN+
                  | MR+ rMut rCorr}
 52992 | Vaults:5 | Got a silver rune of Zot
 53411 | Tomb:2   | Noticed a greater mummy
 53412 | Tomb:2   | Noticed a greater mummy
 53412 | Tomb:2   | Noticed a greater mummy
 53412 | Tomb:2   | Noticed a greater mummy
 53464 | Tomb:2   | Killed a greater mummy
 53468 | Tomb:2   | Killed a greater mummy
 53471 | Tomb:2   | Killed a greater mummy
 53480 | Tomb:2   | Killed a greater mummy
 53480 | Tomb:2   | Reached skill level 10 in Evocations
 54227 | Tomb:2   | Lost mutation: You are partially covered in molten scales.
                  | (AC +2) [evolution]
 54408 | Tomb:3   | Entered Level 3 of the Tomb of the Ancients
 54470 | Tomb:3   | Noticed a greater mummy
 54470 | Tomb:3   | Noticed a greater mummy
 54483 | Tomb:3   | Killed a greater mummy
 54494 | Tomb:3   | Noticed a greater mummy
 54634 | Tomb:3   | Noticed a greater mummy
 54661 | Tomb:3   | Killed a greater mummy
 54662 | Tomb:3   | Noticed a greater mummy
 54680 | Tomb:2   | Lost mutation: You evolve. [mutagenic glow]
 54869 | Tomb:2   | Gained mutation: You are clumsy. (Dex -2) [mutagenic glow]
 55138 | Tomb:3   | Killed a greater mummy
 55140 | Tomb:3   | Killed a greater mummy
 55171 | Tomb:3   | Reached skill level 15 in Air Magic
 55171 | Tomb:3   | Killed a greater mummy
 55196 | Tomb:3   | Noticed a greater mummy
 55197 | Tomb:3   | Noticed a greater mummy
 55225 | Tomb:3   | Killed a greater mummy
 55226 | Tomb:3   | Killed a greater mummy
 55232 | Tomb:3   | Noticed a greater mummy
 55246 | Tomb:3   | Killed a greater mummy
 55277 | Tomb:3   | Noticed a greater mummy
 55288 | Tomb:3   | Killed a greater mummy
 55798 | Tomb:3   | Got a faintly glowing copper amulet
 55800 | Tomb:3   | Got a crude crystal amulet
 55838 | Tomb:3   | Identified the amulet "Fipn" {Inacc Int+7 Dex+6 SInv} (You
                  | found it on level 3 of the Tomb of the Ancients)
 55840 | Tomb:3   | Identified the amulet "Wubluir" {RegenMP rElec Str+2} (You
                  | found it on level 3 of the Tomb of the Ancients)
 55861 | Tomb:3   | Got a steaming bone amulet
 55863 | Tomb:3   | Identified the amulet of Juita {Faith rN++ Str+8 Int+7
                  | Dex-2} (You found it on level 3 of the Tomb of the
                  | Ancients)
 56015 | Tomb:3   | Got a golden rune of Zot
 56352 | Tomb:3   | Got an ichor-stained quarterstaff
 56355 | Tomb:3   | Identified the +3 quarterstaff "Eviscerator" {venom, Int+4
                  | Dex+4 Stlth+} (You found it on level 3 of the Tomb of the
                  | Ancients)
 56364 | Tomb:3   | Got a twisted mace
 56365 | Tomb:3   | Identified the +3 mace "Ryuguaj" {flame, Stlth+} (You found
                  | it on level 3 of the Tomb of the Ancients)
 56380 | Tomb:3   | Got a crude morningstar
 56381 | Tomb:3   | Identified the +5 morningstar "Yploiwey" {drain, rF++
                  | Int+4} (You found it on level 3 of the Tomb of the
                  | Ancients)
 56475 | Tomb:3   | Acquired a +2 tower shield of resistance
 56528 | Tomb:3   | Bought a potion of brilliance for 140 gold pieces
 56528 | Tomb:3   | Bought a potion of curing for 105 gold pieces
 56528 | Tomb:3   | Bought a scroll of identify for 70 gold pieces
 56538 | Tomb:3   | Bought 3 potions of brilliance for 396 gold pieces
 56601 | Zig:1    | Entered Level 1 of a ziggurat
 56657 | Zig:2    | Entered Level 2 of a ziggurat
 56714 | Zig:3    | Entered Level 3 of a ziggurat
 56756 | Zig:4    | Entered Level 4 of a ziggurat
 56799 | Zig:5    | Entered Level 5 of a ziggurat
 56809 | Zig:5    | Found the +10 zealot's sword {holy, *Rage rN+ EV+3}
 56819 | Zig:5    | Got a bound iron ring
 56822 | Zig:5    | Identified Igyleuc's Almanac of Dislocated Boosts
 56854 | Zig:6    | Entered Level 6 of a ziggurat
 56907 | Zig:6    | Identified the ring "Wetzot" {Fire rN+} (You found it on
                  | level 5 of a ziggurat)
 56949 | Zig:7    | Entered Level 7 of a ziggurat
 56956 | Zig:7    | Noticed a juggernaut
 56957 | Zig:7    | Noticed a juggernaut
 56959 | Zig:7    | Killed a juggernaut
 56960 | Zig:7    | Killed a juggernaut
 57014 | Zig:8    | Entered Level 8 of a ziggurat
 57094 | Zig:8    | Got a pair of jewelled boots
 57096 | Zig:8    | Got an iridescent whip
 57113 | Zig:8    | Identified the -5 pair of boots of Baldness {Str+2} (You
                  | found it on level 8 of a ziggurat)
 57127 | Zig:8    | Identified the cursed +3 whip "Bung" {holy, rC+ Int+4 Dex+6
                  | Stlth-} (You found it on level 8 of a ziggurat)
 57143 | Zig:9    | Entered Level 9 of a ziggurat
 57150 | Zig:9    | Noticed an ancient lich
 57153 | Zig:9    | Killed an ancient lich
 57182 | Zig:9    | Identified the Catalogue of Orientation
 57235 | Zig:10   | Entered Level 10 of a ziggurat
 57309 | Zig:10   | Got an ichor-stained flail
 57312 | Zig:10   | Got a warped hand crossbow
 57317 | Zig:10   | Got a pair of transparent boots
 57320 | Zig:10   | Identified the +4 hand crossbow "Orb Guardian's Doom"
                  | {elec, rPois rC- rN++ SInv} (You found it on level 10 of a
                  | ziggurat)
 57322 | Zig:10   | Identified the +9 flail of Grontol {vorpal, *Slow +Rage
                  | MR+} (You found it on level 10 of a ziggurat)
 57334 | Zig:10   | Identified the +2 pair of boots "Jutomnoq" {Int+4} (You
                  | found it on level 10 of a ziggurat)
 57349 | Zig:11   | Entered Level 11 of a ziggurat
 57409 | Zig:11   | Identified the Tome of Beguiling
 57472 | Zig:12   | Entered Level 12 of a ziggurat
 57532 | Zig:12   | Got a pitted bronze amulet
 57593 | Zig:13   | Entered Level 13 of a ziggurat
 57602 | Zig:13   | Found the +8 Wrath of Trog {antimagic, *Rage}
 57627 | Zig:13   | Got a coiled lapis lazuli ring
 57711 | Zig:14   | Entered Level 14 of a ziggurat
 57721 | Zig:14   | Noticed a shard shrike
 57729 | Zig:14   | Killed a shard shrike
 57736 | Zig:14   | Found the +8 trident of the Octopus King {venom, rElec
                  | rPois MR+}
 57803 | Zig:15   | Entered Level 15 of a ziggurat
 57930 | Zig:15   | Identified the Catalogue of Excruciating Evil
 57938 | Zig:15   | Got a pitted glaive
 57947 | Zig:15   | Identified the +7 glaive of Trial by Ordeal {flame, Str+6
                  | Int-3 Dex+2} (You found it on level 15 of a ziggurat)
 57951 | Zig:15   | Identified the amulet "Elaub" {Inacc Int+2} (You found it
                  | on level 12 of a ziggurat)
 57954 | Zig:15   | Identified the ring of Xom's Wantonness {Slay+6 SInv} (You
                  | found it on level 13 of a ziggurat)
 57980 | Zig:15   | Learned a level 9 spell: Tornado
 57991 | Zig:16   | Entered Level 16 of a ziggurat
 58004 | Zig:16   | Noticed Wobuiw the pandemonium lord
 58017 | Zig:16   | Killed Wobuiw the pandemonium lord
 58178 | Zig:17   | Entered Level 17 of a ziggurat
 58186 | Zig:17   | Noticed an ancient lich
 58186 | Zig:17   | Noticed an ancient lich
 58191 | Zig:17   | Killed an ancient lich
 58191 | Zig:17   | Killed an ancient lich
 58321 | Zig:18   | Entered Level 18 of a ziggurat
 58416 | Zig:18   | Got a glittering steel ring
 58420 | Zig:18   | Got a glittering tin ring
 58456 | Zig:18   | Identified the ring of Geicw {*Slow AC+4 Str+4 Dex+5 SInv}
                  | (You found it on level 18 of a ziggurat)
 58458 | Zig:18   | Identified the ring of Ifiumpua {Dex+6 Stlth-} (You found
                  | it on level 18 of a ziggurat)
 58474 | Zig:18   | Got a coiled bone ring
 58475 | Zig:18   | Identified the ring "Osar" {MP+9 Int+4} (You found it on
                  | level 18 of a ziggurat)
 58493 | Zig:19   | Entered Level 19 of a ziggurat
 58508 | Zig:19   | Reached skill level 1 in Translocations
 58518 | Zig:19   | Noticed Ciawkes the pandemonium lord
 58521 | Zig:19   | Reached skill level 5 in Translocations
 58536 | Zig:19   | Killed Ciawkes the pandemonium lord
 58626 | Zig:19   | Got a brightly glowing graven amulet
 58629 | Zig:19   | Identified the Collected Works on the Harmful Snowflakes
 58644 | Zig:19   | Identified the amulet "Zeclivuh" {Reflect rN++ Str+8 SH+5}
                  | (You found it on level 19 of a ziggurat)
 58669 | Zig:20   | Entered Level 20 of a ziggurat
 58682 | Zig:20   | Noticed an ancient lich
 58682 | Zig:20   | Noticed an ancient lich
 58682 | Zig:20   | Noticed an ancient lich
 58685 | Zig:20   | Reached skill level 10 in Fire Magic
 58686 | Zig:20   | Killed an ancient lich
 58686 | Zig:20   | Killed an ancient lich
 58686 | Zig:20   | Killed an ancient lich
 58777 | Zig:20   | Got a wavering jade amulet
 58789 | Zig:20   | Got a transparent diamond amulet
 58830 | Zig:21   | Entered Level 21 of a ziggurat
 58837 | Zig:21   | Reached skill level 10 in Translocations
 58846 | Zig:21   | Reached skill level 15 in Fighting
 59020 | Zig:22   | Entered Level 22 of a ziggurat
 59040 | Zig:22   | Noticed an ancient lich
 59042 | Zig:22   | Noticed an ancient lich
 59046 | Zig:22   | Killed an ancient lich
 59046 | Zig:22   | Killed an ancient lich
 59117 | Zig:22   | Identified the Handbook of Noxious Enhancements
 59142 | Zig:22   | Identified the Tome of Transmigration and Summoning
 59208 | Zig:23   | Entered Level 23 of a ziggurat
 59407 | Zig:23   | Identified the amulet "Hody" {Reflect rF+ rC+ Str+3 SH+5}
                  | (You found it on level 20 of a ziggurat)
 59409 | Zig:23   | Identified the amulet "Raicirug" {Inacc rF- rC+ Dex+2} (You
                  | found it on level 20 of a ziggurat)
 59420 | Zig:24   | Entered Level 24 of a ziggurat
 59564 | Zig:24   | Got a pitted granite ring
 59565 | Zig:24   | Identified the Catalogue of Flying Black Magic
 59587 | Zig:24   | Identified Doniawe's Disquisition on Air and the Escort
 59590 | Zig:24   | Got a wavering platinum ring
 59657 | Zig:25   | Entered Level 25 of a ziggurat
 59867 | Zig:25   | Identified the Handbook of Freezing Glamour
 59886 | Zig:25   | Identified Muacrow's Grimoire of the Entrancing Birds
 59893 | Zig:26   | Entered Level 26 of a ziggurat
 59908 | Zig:26   | Noticed an ancient lich
 59909 | Zig:26   | Killed an ancient lich
 59910 | Zig:26   | Noticed an ancient lich
 59913 | Zig:26   | Noticed an ancient lich
 59914 | Zig:26   | Reached skill level 10 in Dodging
 59924 | Zig:26   | Killed an ancient lich
 59925 | Zig:26   | Killed an ancient lich
 60029 | Zig:26   | Identified the Incunabulum of Harmful Shape Shifting
 60038 | Zig:26   | Identified Senemposs's Catalogue of Toxins and Talismans
 60040 | Zig:26   | Identified the Volume of Supportive Flight
 60051 | Zig:26   | Got a translucent granite ring
 60110 | Zig:27   | Entered Level 27 of a ziggurat
 60144 | Zig:27   | HP: 1/220 [emperor scorpion (11)]
 60144 | Zig:27   | Demolished by an emperor scorpion

Illustrated notes

Levels and vault maps discovered:
D:1:      nzn_arrival_depleted_hourglass, layout_rooms,
          chequers_serial_rivers_micro_c
D:2:      layout_basic
D:3:      layout_loops_ring, nicolae_qazlal_style_of_elements
D:4:      kennysheep_big_flooded_room, layout_cave_pools, first_ration
D:5:      layout_basic, minmay_misc_feat_nine_boxes, lemuel_angel_altar,
          uniq_grinder, uniq_menkaure
D:6:      layout_loops_ring, minmay_temple_entry_enclosed_plants,
          gup_ossuary_entry_pyramid, serial_rivers,
          chequers_serial_rivers_micro_b, chequers_serial_rivers_room_b,
          chequers_serial_rivers_micro_a, chequers_serial_rivers_marsh
D:7:      layout_loops_ring, sigmund_edmund_badplayer, uniq_maggie
D:8:      layout_loops_corners, enter_bailey_6, serial_shops, shop,
          nicolae_shop_window_shopping, shop, nicolae_shop_waterfront, shop,
          uniq_maurice
D:9:      layout_roguey, kennysheep_orc_monster_closet_entryway, serial_shops,
          nicolae_shop_waterfront, grunt_pizzeria
D:10:     cheibrodos_statue_roulette, layout_small_grid, serial_shops,
          nicolae_shop_waterfront, tgw_xom
D:11:     layout_basic, lair_entry_dummy, serial_shops, nicolae_shop_crystal,
          minmay_increasing_density, uniq_urug
D:12:     layout_basic
D:13:     layout_gridville, erik_vaults_1, gammafunk_ghost_crypt, basic_altar
D:14:     layout_long_grid, minmay_staircase_windowed_large,
          ebering_ghost_disaster_area, lemuel_altar_in_water
D:15:     grunt_enter_depths_giant_problem, layout_basic, guppyfry_shop_earth
Temple:   nicolae_temple_the_god_donut
Lair:1:   layout_hall_layers, beast_lair_carwin_7
Lair:2:   layout_roguey, portal_ice_cave_demonic_guard, serial_bayou_shore_b,
          infiniplex_staircase_pool
Lair:3:   layout_misc_corridors
Lair:4:   layout_cave_pods, elwin_shoals_entry_rooms,
          guppyfry_snake_entry_island, uniq_josephine
Lair:5:   layout_regular_city, ebering_ghost_rock_garden, uniq_sonja
Lair:6:   evilmike_catoblepas_cave, layout_big_grid, dpeg_slime_entry_corner,
          grunt_megastairs_5
Shoals:1: gammafunk_the_bubble [the_bubble_gammafunk_crates], layout_shoals,
          wheals_shoals_ruined_temple
Shoals:2: layout_shoals, regret_index_shoals_crete, uniq_ilsuiw
Shoals:3: layout_shoals
Shoals:4: shoals_end_grunt_ice, layout_shoals, shoal_ilsuiw, serial_shops,
          nicolae_shop_behind_doors, uniq_polyphemus, uniq_louise, uniq_donald
Snake:1:  layout_misc_corridors, serial_bayou_shore_b
Snake:2:  layout_gridlike, serial_shops, nicolae_shop_waterfront, basic_altar,
          serial_bayou_shore_a
Snake:3:  layout_chambers, uniq_kirke
Snake:4:  grunt_snake_rune_pools, layout_onion, drop_trap, grunt_ministairs_15
Orc:1:    layout_caves, serial_shops, shop_coins
Orc:2:    grunt_orc_gardens, layout_diamond_mine, grunt_orc_garden,
          grunt_orc_garden, grunt_orc_garden, grunt_orc_garden, serial_shops,
          shop_statue, shop, nicolae_orc_bridge_out, elf_legates, uniq_erolcha,
          uniq_jorgrun
Elf:1:    minmay_slanted_spiral_squares, layout_geoelf_grid,
          hangedman_elf_represent
Elf:2:    layout_onion_city, minivault_28, uniq_asterion
Elf:3:    minmay_elf_hall, layout_gridlike, serial_shops, nicolae_shop_trees,
          nicolae_shop_overgrown_old_shop
Vaults:1: vaults_mumra_minichess_inversion, ontoclasm_vaults_twist, v_pattern_1,
          nicolae_vaults_hallways_thing, dpeg_vaults_monster_doublerow,
          vaults_room_boxed, vaults_room_door_hall, hangedman_vaults_nails,
          hangedman_vaults_restitches, v_misc_14, ontoclasm_vaults_idyll,
          nicolae_vaults_theta, nicolae_vaults_little_squares_1,
          vaults_dpeg_ring, layout_vaults_omnibox, serial_shops,
          nicolae_shop_behind_doors, shop, nicolae_shop_crystal,
          nicolae_shop_temple_entry_statues_fountains, shop, uniq_aizul
Vaults:2: gammafunk_vaults_ghost_cemetery, minmay_crypt_entry_skeletal_spiral,
          v_misc_4, v_misc_15, v_rooms_5, nicolae_vaults_little_squares_6,
          vaults_dpeg_spiral, hangedman_vaults_stream,
          hangedman_vaults_river_flow, nicolae_vaults_diagonal_hallway_6,
          vaults_mumra_hexcomb, nicolae_vaults_little_squares_3,
          vaults_dpeg_hooks, nicolae_vaults_twisting_passages, v_alt_pattern_4,
          ontoclasm_vaults_gateway, layout_vaults_big_cross
Vaults:3: nicolae_vaults_little_squares_4, v_misc_26, hangedman_vaults_locks,
          v_misc_25, vaults_mumra_chevron_long, hangedman_vaults_maws, v_misc_1,
          nicolae_vaults_border_crossing, layout_vaults_quadrants, uniq_boris
Vaults:4: dpeg_vaults_monster_box, grunt_vaults_hallway_short,
          nicolae_vaults_network_square, v_misc_3, ontoclasm_vaults_hangar,
          grunt_vaults_trifunnel, v_pattern_3, vaults_mumra_lcd,
          ontoclasm_vaults_misaligned, vaults_room_semicircle,
          layout_vaults_ring, serial_shops, nicolae_shop_crystal
Vaults:5
Crypt:1:  layout_gridlike, small_chamber_with_monster,
          grunt_crypt_arrival_guarded_gate
Crypt:2:  layout_gridlike, lemuel_mausoleum_altar_kikubaaqudgha
Crypt:3:  david_glass_crypt, layout_misc_corridors,
          nicolae_tomb_entry_grand_gallery, uniq_sojobo
Tomb:1
Tomb:2
Tomb:3
Zig:27

Skill      XL: |  1  2  3  4  5  6  7  8  9 10 11 12 13 14 15 16 17 18 19 20 21 22 23 24 25 26 27 |
---------------+----------------------------------------------------------------------------------+-----
Conjurations   | 1 2 3 4 5 6 |  6.0
Fire Magic     | 1 3 5 13 | 13.9
Air Magic      | 2 4 5 6 25 | 25.2
Dodging        | 2 4 5 6 7 11 | 11.1
Fighting       | 2 4 6 7 9 10 18 | 18.8
Armour         | 2 4 6 7 10 13 | 13.9
Necromancy     | 1 4 6 9 13 16 18 19 | 19.0
Spellcasting   | 5 7 11 15 16 | 16.0
Earth Magic    | 4 9 14 15 16 18 21 24 27 | 27.0
Shields        | 5 9 10 15 17 | 17.8
Charms         | 4 5 6 |  6.0
Ice Magic      | 4 5 6 |  6.0
Transmutations | 7 11 15 19 | 19.0
Evocations     | 12 | 12.0
Translocations | 13 | 13.1
Stealth        | |  2.4
Summonings     | |  1.0

Action                   |  1- 3 |  4- 6 |  7- 9 | 10-12 | 13-15 | 16-18 | 19-21 | 22-24 | 25-27 || total
-------------------------+-------+-------+-------+-------+-------+-------+-------+-------+-------++-------
Melee: Unarmed           |     4 |       |       |       |       |       |       |       |       ||     4
       Dagger            |    27 |    39 |    21 |     9 |       |       |       |       |       ||    96
       Quarterstaff      |       |    40 |   251 |    96 |       |       |       |       |       ||   387
       Halberd           |       |       |     3 |    10 |       |       |       |       |       ||    13
       Hand axe          |       |       |       |   294 |    79 |       |       |       |       ||   373
       Short sword       |       |       |       |       |  1096 |   816 |   379 |       |     6 ||  2297
       Bite              |       |       |       |       |    80 |   182 |   152 |    78 |    23 ||   515
       Lajatang          |       |       |       |       |       |       |   293 |   479 |   134 ||   906
       Trident           |       |       |       |       |       |       |       |       |    36 ||    36
       Long sword        |       |       |       |       |       |       |       |       |    20 ||    20
       Staff             |       |       |       |       |       |       |       |       |    10 ||    10
 Fire: Shortbow          |       |       |     2 |       |       |       |       |       |       ||     2
       Hand crossbow     |       |       |       |     4 |       |       |       |       |       ||     4
       Hunting sling     |       |       |       |       |     7 |       |       |       |       ||     7
       Fustibalus        |       |       |       |       |       |       |     4 |       |       ||     4
       Longbow           |       |       |       |       |       |       |       |   125 |   116 ||   241
 Cast: Magic Dart        |    76 |    60 |    23 |    18 |    21 |       |       |       |       ||   198
       Conjure Flame     |       |     3 |    15 |    12 |    39 |     2 |     6 |     8 |       ||    85
       Mephitic Cloud    |       |     2 |    19 |    33 |    55 |     3 |    17 |     4 |       ||   133
       Sublimation of Bl |       |       |       |    14 |     6 |     6 |    15 |    10 |     1 ||    52
       Borgnjor's Vile C |       |       |       |    39 |   107 |   248 |   394 |   339 |   203 ||  1330
       Vampiric Draining |       |       |       |     4 |       |    20 |     9 |    12 |       ||    45
       Dispel Undead     |       |       |       |       |    25 |    23 |    10 |    48 |    71 ||   177
       Ozocubu's Armour  |       |       |       |       |       |     5 |    20 |    14 |    19 ||    58
       Shroud of Golubri |       |       |       |       |       |       |     1 |     4 |    11 ||    16
       Necromutation     |       |       |       |       |       |       |       |    21 |    86 ||   107
       Shatter           |       |       |       |       |       |       |       |       |   229 ||   229
       Bolt of Magma     |       |       |       |       |       |       |       |       |     8 ||     8
       Tornado           |       |       |       |       |       |       |       |       |    19 ||    19
Invok: Receive Necronomi |       |       |       |       |     1 |       |       |       |       ||     1
       Renounce Religion |       |       |       |       |     1 |       |       |       |       ||     1
       Potion Petition   |       |       |       |       |       |       |       |     6 |    18 ||    24
       Call Merchant     |       |       |       |       |       |       |       |       |     6 ||     6
 Abil: Dig               |     1 |     2 |    18 |    21 |    26 |     9 |    14 |     3 |     2 ||    96
       Shaft Self        |       |     1 |       |       |       |       |       |       |       ||     1
       End Transformatio |       |       |       |       |       |       |       |    18 |    24 ||    42
Evoke: Wand              |       |     2 |     9 |     2 |       |       |       |       |     2 ||    15
       Staff of energy   |       |       |       |       |       |       |       |       |   360 ||   360
       Figurine of a zig |       |       |       |       |       |       |       |       |     1 ||     1
  Use: Scroll            |       |     3 |     4 |     7 |     5 |    19 |     7 |     2 |    26 ||    73
       Potion            |       |       |     3 |       |       |     8 |     4 |       |     8 ||    23
 Stab: Sleeping          |     2 |     2 |     1 |       |     8 |     1 |     1 |       |     1 ||    16
       Confused          |       |     1 |    11 |    10 |    42 |       |     4 |       |       ||    68
       Distracted        |       |       |       |       |     2 |    10 |     5 |     6 |     4 ||    27
  Eat: Chunk             |     2 |     6 |    12 |    31 |     9 |       |       |       |       ||    60
       Ration            |       |       |     1 |       |    14 |     8 |     9 |     6 |     7 ||    45
Armor: Robe              |     8 |    10 |    43 |    10 |       |       |       |       |       ||    71
       Swamp dragon scal |       |       |    10 |    83 |       |       |       |       |       ||    93
       Ring mail         |       |       |    10 |       |       |       |       |       |       ||    10
       Troll leather arm |       |       |       |   114 |   411 |   310 |   215 |   286 |   450 ||  1786
Dodge: Dodged            |    24 |    66 |   158 |   317 |   721 |   497 |   326 |   372 |   440 ||  2921
Block: Buckler           |       |       |       |       |   238 |   175 |       |       |       ||   413
       Tower shield      |       |       |       |       |       |   350 |   875 |   772 |   870 ||  2867
       Rpst.: Long sword |       |       |       |       |       |       |       |       |     5 ||     5
